 Dungeon Crawl Stone Soup version 0.22-a0-40-g3d2f077def (webtiles) character file.

1421 NixNut the Slasher (level 8, 0/85 HPs)
             Began as an Octopode Gladiator on Jan 5, 2018.
             Was an Initiate of Dithmenos.
             Succumbed to a killer bee's poison
             ... on level 7 of the Dungeon on Jan 6, 2018.
             The game lasted 00:37:25 (6838 turns).

NixNut the Slasher (Octopode Gladiator)             Turns: 6838, Time: 00:37:26

Health: 0/85       AC:  1    Str: 20    XL:     8   Next: 72%
Magic:  12/13      EV: 14    Int: 10    God:    Dithmenos [......]
Gold:   236        SH:  3    Dex: 14    Spells: 10/14 levels left

rFire    + . .     SeeInvis .   u - +2 short sword (speed)
rCold    . . .     Gourm    .   m - +0 buckler
rNeg     . . .     Faith    .   b - +0 hat
rPois    +         Spirit   .   K - amulet of rage
rElec    .         Reflect  .   j - ring of protection from fire
rCorr    .         Harm     .   k - ring of poison resistance
MR       .....                  (no ring)
Stlth    ..........             (no ring)
HPRegen  0.24/turn              (no ring)
MPRegen  0.13/turn              (no ring)
                                (no ring)
                                (no ring)

@: berserking (expiring), lethally poisoned (0 -> -3), very quick
A: almost no armour, stealthy swim, amphibious, 8 rings, constrict 8, camouflage
1, gelatinous body 1
a: Renounce Religion, Evoke Berserk Rage


You were on level 7 of the Dungeon.
You worshipped Dithmenos.
Dithmenos was noncommittal.
You were not hungry.

You visited 2 branches of the dungeon, and saw 8 of its levels.
You also visited: Ossuary.

You collected 236 gold pieces.

Inventory:

Hand Weapons
 a - a +1 long sword
 s - a +0 dagger
 u - a +2 short sword of speed (weapon)
Missiles
 f - 75 arrows
Armour
 b - a +0 hat (worn)
 m - a +0 buckler (worn)
Jewellery
 j - a ring of protection from fire (left tentacle)
 k - a ring of poison resistance (right tentacle)
 K - an amulet of rage (around mantle)
Wands
 t - a wand of polymorph (8)
Scrolls
 e - 2 scrolls of blinking
 h - a scroll of amnesia
 l - 2 scrolls of enchant weapon
 o - 2 scrolls of identify
 w - 3 scrolls of teleportation {unknown}
 y - 3 scrolls of remove curse
 z - 2 scrolls of random uselessness {unknown}
 A - 3 scrolls of immolation {unknown}
 C - 3 scrolls of noise
 D - a scroll of summoning {unknown}
 E - 2 scrolls of fog {unknown}
 H - a scroll of fear {unknown}
Potions
 g - a potion of magic {unknown}
 i - a potion of invisibility
 q - 2 potions of ambrosia
 v - 7 potions of degeneration
 B - a potion of cancellation {unknown}
 F - a potion of lignification {unknown}
 G - a potion of flight {unknown}
 I - 2 potions of berserk rage {unknown}
Books
 p - a book of Conjurations

   Spells                             Type                      Level
   a - Magic Dart                     Conjuration                  1
   b - Searing Ray                    Conjuration                  2
   c - Dazzling Spray                 Conjuration/Hexes            3
   d - Fulminant Prism                Conjuration/Hexes            4
   e - Force Lance                    Conjuration/Translocation    4
   f - Iskenderun's Mystic Blast      Conjuration                  4
 x - a book of Misfortune

   Spells                             Type                      Level
   a - Confusing Touch                Hexes                        1
   b - Confuse                        Hexes                        3
   c - Gell's Gravitas                Translocation                3
   d - Petrify                        Transmutation/Earth          4
   e - Metabolic Englaciation         Hexes/Ice                    5
   f - Yara's Violent Unravelling     Hexes/Transmutation          5
Comestibles
 d - 4 rations


   Skills:
 + Level 5.7 Fighting
 + Level 6.9 Long Blades
 - Level 2.0 Throwing
 - Level 4.3 Dodging
 - Level 4.1 Stealth
 + Level 3.7 Spellcasting
 - Level 1.0 Transmutations


You had 10 spell levels left.
You knew the following spells:

 Your Spells              Type           Power        Failure   Level  Hunger
a - Petrify               Tmut/Erth      #.......     98%         4    #####..


Dungeon Overview and Level Annotations

Branches:
Dungeon (7/15)             Temple (1/1) D:6

Altars:
Ashenzari
Cheibriados
Dithmenos
Elyvilon
Gozag
Hepliaklqana
Kikubaaqudgha
Nemelex Xobeh
Qazlal
Ru
Sif Muna
Uskayaw
Vehumet
Yredelemnul
Zin

Annotations:
D:2 2 exclusions
D:5 exclusions: downstairs, slave and 3 more exclusions
D:6 1 exclusion


Innate Abilities, Weirdness & Mutations

You cannot wear most types of armour.
You are very stealthy in the water. (Stealth+)
You are amphibious.
You can wear up to eight rings at the same time.
You can use your tentacles to constrict eight enemies at once.
Your skin changes colour to match your surroundings (Stealth+).
Your rubbery body absorbs attacks. (AC +1, EV +1)


Message History

You feel sick.
The killer bee stings you but does no damage.
You are too berserk!
You closely miss the killer bee. Your grab misses the killer bee.
You puncture the killer bee! Your grab misses the killer bee.
Your squeeze misses the killer bee.
The killer bee is almost dead.
The killer bee barely misses you.
You puncture the killer bee!
You kill the killer bee!
Dithmenos accepts your kill.
* * * LOW HITPOINT WARNING * * *
You feel sick.
You are too berserk!
There is a lethal amount of poison in your body!
You are too berserk!
You eat one of the 5 rations.
That ration really hit the spot!
You are too berserk!
You feel a strong urge to attack something.
You die...

#.((.....#
##........#
#.........
#........#
#........##
#.........
#.......#
#...!..#
##..@††#
##...##
#####


There were no monsters in sight!

Vanquished Creatures
  The ghost of bosakos the Cudgeler, an amateur MiBe of Trog (D:3)
  Edmund (D:4)
  2 sky beasts
  A centaur (D:5)
  2 scorpions (D:4)
  6 killer bees (D:7)
  A crimson imp (D:5)
  2 centaur zombies (Ossuary)
  A centaur skeleton (D:5)
  A hound (D:4)
  2 orc wizards
  Jessica (D:3)
  3 worker ants
  A big kobold zombie (Ossuary)
  3 hound skeletons
  2 mummies (Ossuary)
  5 adders
  2 oozes
  4 worms
  A dart slug (D:1)
  3 leopard geckos
  15 orcs
  3 ball pythons
  10 bats
  4 giant cockroaches
  3 goblins (D:1)
  2 hobgoblins
  4 jackals (D:4)
  A quokka (D:2)
  4 frilled lizards
  A goblin zombie (Ossuary)
  A hobgoblin zombie (Ossuary)
  8 kobolds
  A kobold zombie (Ossuary)
  2 orc zombies (Ossuary)
  A quokka zombie (D:5)
  8 rats
113 creatures vanquished.

Notes
Turn   | Place    | Note
-------+----------+-------------------------------------------
     0 | D:1      | NixNut the Octopode Gladiator began the quest for the Orb.
     0 | D:1      | Reached XP level 1. HP: 14/14 MP: 1/1
    87 | D:1      | Reached XP level 2. HP: 19/19 MP: 2/2
   442 | D:1      | Reached XP level 3. HP: 25/25 MP: 3/3
   478 | D:1      | Reached skill level 1 in Stealth
  1229 | D:2      | Noticed an ogre
  1307 | D:2      | Reached XP level 4. HP: 25/30 MP: 4/4
  2039 | D:3      | Noticed Jessica
  2050 | D:3      | Killed Jessica
  2050 | D:3      | Reached skill level 4 in Long Blades
  2582 | D:3      | Noticed bosakos's ghost (amateur MiBe)
  2718 | D:4      | Reached XP level 5. HP: 25/36 MP: 5/5
  3336 | D:4      | Reached XP level 6. HP: 36/42 MP: 6/6
  3511 | D:4      | Reached skill level 5 in Long Blades
  3910 | D:4      | Learned a level 4 spell: Petrify
  3934 | D:5      | Entered Level 5 of the Dungeon
  3937 | D:5      | Found a sand-covered staircase.
  3943 | D:5      | Noticed a sky beast
  3944 | D:5      | Noticed Edmund
  4316 | Ossuary  | Entered an ossuary
  4611 | Ossuary  | Reached XP level 7. HP: 46/47 MP: 7/7
  4658 | Ossuary  | Reached skill level 1 in Transmutations
  5035 | D:5      | Reached skill level 1 in Spellcasting
  5508 | D:5      | Noticed a steam dragon
  5623 | D:4      | Killed Edmund
  5623 | D:4      | Reached skill level 6 in Long Blades
  5623 | D:4      | Reached XP level 8. HP: 30/54 MP: 9/11
  6128 | D:3      | Killed bosakos's ghost
  6128 | D:3      | Reached skill level 5 in Fighting
  6434 | D:6      | Found a staircase to the Ecumenical Temple.
  6443 | Temple   | Entered the Ecumenical Temple
  6553 | Temple   | Became a worshipper of Dithmenos the Shadowed
  6832 | D:7      | HP: 3/84 [killer bee (4)]
  6836 | D:7      | HP: 1/85 [poisoned by a killer bee]
  6838 | D:7      | Succumbed to a killer bee's poison

Vault maps used:
D:1:      mrwooster_arrival_arrow
D:3:      first_ration, minmay_cupped, uniq_jessica
D:5:      kennysheep_steamy, nicolae_ossuary_entry_monument,
          corexii_leaking_fountain, uniq_edmund, uniq_pikel
D:6:      minmay_temple_entry_trees, serial_bayou, serial_bayou_ford_a,
          serial_bayou_pond_a, serial_bayou_pond_e, serial_bayou_shore_b,
          evilmike_ruin_ashenzari
D:7:      grunt_temple_overflow_octagram, enter_bailey_3
Temple:   eino_wide_crystal_templ
Ossuary:  ossuary_crypta

Skill      XL: |  1  2  3  4  5  6  7  8 |
---------------+-------------------------+-----
Stealth        | 1 2 3 4 |  4.1
Long Blades    | 4 5 6 |  6.9
Fighting       | 3 4 5 |  5.7
Dodging        | 4 |  4.3
Transmutations | 1 |  1.0
Spellcasting   | 2 3 |  3.7
Throwing       | |  2.0

Action                   |  1- 3 |  4- 6 |  7- 9 || total
-------------------------+-------+-------+-------++-------
Melee: Long sword        |    52 |    29 |       ||    81
       Constrict         |    16 |    28 |    19 ||    63
       Tentacles         |     9 |    26 |    43 ||    78
       Dagger            |       |     2 |       ||     2
       Short sword       |       |    73 |   145 ||   218
Throw: Throwing net      |       |     3 |     7 ||    10
 Abil: Evoke Berserk Rag |       |       |     1 ||     1
  Use: Scroll            |     2 |     4 |     3 ||     9
       Potion            |       |     2 |     6 ||     8
 Stab: Sleeping          |     7 |     8 |     8 ||    23
       Held in net/web   |       |     1 |     1 ||     2
  Eat: Chunk             |     1 |     9 |     5 ||    15
       Ration            |       |       |     2 ||     2
Armor: Skin              |     5 |     3 |     7 ||    15
Dodge: Dodged            |    33 |    33 |    60 ||   126
Block: Buckler           |       |    10 |    10 ||    20
       Rpst.: Long sword |    11 |     3 |       ||    14

Table legend:
 A = Spawn XP
 B = Non-spawn XP
 C = Spawn XP percentage of total XP
 D = Spawn monster count
 E = Non-spawn monster count
 F = Spawn count percentage of total count
 G = Total turns spent on level
                    A         B        C        D         E        F      G
               +---------+---------+-------+---------+---------+-------+---------
         Total |       0 |    2030 |   0.0 |       0 |     113 |   0.0 |  6838
               +---------+---------+-------+---------+---------+-------+---------
           D:1 |       0 |      43 |   0.0 |       0 |      24 |   0.0 |   671
           D:2 |       0 |      49 |   0.0 |       0 |      16 |   0.0 |  1108
           D:3 |       0 |     268 |   0.0 |       0 |      14 |   0.0 |  1234
           D:4 |       0 |     645 |   0.0 |       0 |      21 |   0.0 |  1961
           D:5 |       0 |     428 |   0.0 |       0 |      16 |   0.0 |   932
           D:6 |       0 |      51 |   0.0 |       0 |       4 |   0.0 |   151
           D:7 |       0 |     388 |   0.0 |       0 |       8 |   0.0 |   181
       Ossuary |       0 |     158 |   0.0 |       0 |      10 |   0.0 |   482
               +---------+---------+-------+---------+---------+-------+---------
